 Dungeon Crawl Stone Soup version 0.31-a0-940-gdaa99269f9 (webtiles) character file.

Game seed: 12610877292689305536

32319 miscthings the Prestidigitator (level 12, -2/104 HPs)
             Began as a Gnoll Artificer on Oct 21, 2023.
             Was a Believer of Ru.
             Slain by a cyclops (16 damage)
             ... on level 13 of the Dungeon.
             The game lasted 00:46:01 (14809 turns).

miscthings the Prestidigitator (Gnoll Artificer)   Turns: 14809, Time: 00:46:02

Health: -2/104     AC: 23    Str: 20    XL:     12   Next: 63%
Magic:  0/24       EV: 12    Int: 12    God:    Ru [**....]
Gold:   911        SH:  6    Dex: 15    Spells: 28/28 levels left

rFire   . . .        Q - +5 broad axe (flame)
rCold   . . .        J - +0 buckler
rNeg    . . .        E - +2 chain mail {rPois}
rPois   +            (no helmet)
rElec   .            f - +3 cloak of the Crypt {Dex+5}
rCorr   .            S - +3 pair of gloves of Anypri {Str+4}
SInv    .            w - +0 pair of boots
Will    .....        T - amulet of guardian spirit Stlth
                     (no ring)
HPRegen 0.37/turn    (no ring)
MPRegen 0.19/turn

%: guardian spirit
@: no status effects
A: fangs 1, screaming 1, no stealth, inexperienced 1, strong nose, distributed
training, clumsy 1, robust 1, subdued magic 1
a: Renounce Religion


You were on level 13 of the Dungeon.
You worshipped Ru.
Ru was pleased with you.
You visited 3 branches of the dungeon, and saw 17 of its levels.
You also visited: Bailey.

You collected 1268 gold pieces.
You spent 357 gold pieces at shops.

Inventory:

Hand Weapons
 a - a +2 dagger of venom
 Q - a +5 broad axe of flaming (weapon)
Missiles
 l - 34 boomerangs (quivered)
Armour
 f - the +3 cloak of the Crypt (worn) {Dex+5}
   (You acquired it in a bailey)

   Dex+5:     It affects your dexterity (+5).
 v - the +2 ring mail "Keyg" {rF+}
   (You found it on level 2 of the Dungeon)

   rF+:       It protects you from fire.
 w - a +0 pair of boots (worn)
 E - a +2 chain mail of poison resistance (worn)
 I - a +0 leather armour of fire resistance
 J - a +0 buckler (worn)
 S - the +3 pair of gloves of Anypri (worn) {Str+4}
   (You acquired it on level 11 of the Dungeon)

   Str+4:     It affects your strength (+4).
Jewellery
 o - a ring of fire
 F - an amulet of the acrobat
 T - an amulet of guardian spirit (around neck)
Talismans
 h - a talisman of death
Wands
 c - a wand of flame (1)
 d - a wand of charming (10)
 e - a wand of iceblast (1)
 r - a wand of roots (14)
 x - a wand of quicksilver (7)
Scrolls
 b - a scroll of summoning
 k - a scroll of silence {unknown}
 n - 2 scrolls of enchant armour
 s - 2 scrolls of revelation
 u - a scroll of poison
 y - 2 scrolls of fog
 z - 4 scrolls of blinking
 B - a scroll of immolation {unknown}
 C - 8 scrolls of teleportation
 H - a scroll of enchant weapon {unknown}
 M - a scroll of amnesia {unknown}
 U - a scroll of fear {unknown}
 W - a scroll of torment {unknown}
 X - a scroll of brand weapon
Potions
 i - 2 potions of haste
 j - 3 potions of lignification
 m - 3 potions of curing
 p - 5 potions of mutation
 q - a potion of cancellation
 t - 5 potions of invisibility
 A - 2 potions of enlightenment
 D - 2 potions of heal wounds
 G - a potion of ambrosia {unknown}
 K - 2 potions of attraction
 L - 4 potions of brilliance
 N - 6 potions of magic
 O - 2 potions of might {unknown}
 P - 2 potions of resistance
 V - a potion of berserk rage
Miscellaneous
 g - a phial of floods


   Skills:
 + Level 9.0 Fighting
 + Level 8.6 Short Blades
 + Level 8.6 Long Blades
 + Level 8.6 Axes
 + Level 8.6 Maces & Flails
 + Level 8.6 Polearms
 + Level 8.6 Staves
 + Level 8.6 Ranged Weapons
 + Level 8.6 Throwing
 + Level 9.8 Armour
 + Level 9.0 Dodging
   Level 0.0 Stealth
 + Level 8.6 Shields
 + Level 8.6 Unarmed Combat
 + Level 8.6 Spellcasting
 + Level 7.2 Conjurations
 + Level 7.2 Hexes
 + Level 7.2 Summonings
 + Level 7.2 Necromancy
 + Level 7.2 Translocations
 + Level 7.2 Transmutations
 + Level 7.2 Fire Magic
 + Level 7.2 Ice Magic
 + Level 7.2 Air Magic
 + Level 7.2 Earth Magic
 + Level 7.2 Poison Magic
 + Level 9.4 Invocations
 + Level 10.8 Evocations
 + Level 7.8 Shapeshifting


You had 28 spell levels left.
You didn't know any spells.
Your spell library contained the following spells:

 Spells                   Type           Power      Damage    Failure   Level
 Freeze                   Ice            68%        1d8       3%          1
 Sandblast                Erth           34%        2d9       3%          1
 Blink                    Tloc           34%        N/A       5%          2
 Cigotuvi's Dreadful Rot  Necr/Pois/Air  34%        N/A       5%          2
 Lesser Beckoning         Tloc           34%        N/A       5%          2
 Momentum Strike          Conj/Tloc      34%        3d8       5%          2
 Passwall                 Tmut/Erth      14%        N/A       5%          2
 Wereblood                Tmut           17%        N/A       5%          2
 Dazzling Flash           Conj/Hex       34%        N/A       12%         3
 Frozen Ramparts          Ice            34%        1d6       12%         3
 Gell's Gravitas          Tloc           17%        N/A       12%         3
 Hailstorm                Conj/Ice       17%        3d6       12%         3
 Ignite Poison            Fire/Tmut/Pois 17%        N/A       12%         3
 Stone Arrow              Conj/Erth      34%        3d9       12%         3
 Teleport Other           Tloc           17%        N/A       12%         3
 Volatile Blastmotes      Fire/Tloc      34%        2d12      12%         3
 Brom's Barrelling Bould  Conj/Erth      17%        2d4       38%         4
 Sticky Flame             Conj/Fire      17%        2d4       38%         4
 Freezing Cloud           Conj/Ice/Air   8%         6-21      75%         5
 Irradiate                Conj/Tmut      8%         3d14      75%         5
 Dispersal                Tloc           8%         N/A       100%        6
 Starburst                Conj/Fire      8%         6d4       100%        6
 Ignition                 Fire           8%         3d5       100%        8
 Maxwell's Capacitive Co  Air            8%         ∞         100%        8


Dungeon Overview and Level Annotations

Branches:
Dungeon (13/15)            Temple (1/1) D:4            Lair (3/5) D:11
 Shoals (0/4) Lair:2        Snake (0/4) Lair:2          Orc (0/2) D:10
 Bailey (visited)
 Vaults: D:13-14

Altars:
Ashenzari
Cheibriados
Dithmenos
Elyvilon
Fedhas
Gozag
Hepliaklqana
Kikubaaqudgha
Makhleb
Nemelex Xobeh
Okawaru
Qazlal
Ru
Sif Muna
Trog
Uskayaw
Vehumet
Wu Jian
Xom
Yredelemnul
Zin
The Shining One

Shops:
D:1 [   D:7 !   D:12 *

Portals:
Abyss: D:4


Innate Abilities, Weirdness & Mutations

You have very sharp teeth.
You occasionally shout uncontrollably at your foes.
You cannot be stealthy.
You are somewhat inexperienced. (-1 XL)
Your uncanny sense of smell can sniff out nearby items.
Your experience applies equally to all skills.
You are clumsy. (Dex -2)
You are robust. (+10% HP)
Your spells are a little easier to cast, but a little less powerful.


Message History

You carefully extract the barbed spikes from your body.
The manticore bites you but does no damage.
The manticore claws you but does no damage.
The manticore barely misses you. You block the efreet's attack.
The manticore bites you!
The manticore claws you but does no damage.
The manticore closely misses you.
The efreet hits you with a +0 scimitar of flaming.
The efreet burns you.
You slice the efreet!! You bite the efreet.
The efreet is severely wounded.
You slash the manticore! You burn the manticore.
The efreet hits you with a +0 scimitar of flaming!
The efreet burns you.
* * * LOW HITPOINT WARNING * * *
The manticore bites you.
* * * LOW HITPOINT WARNING * * *
The manticore claws you but does no damage.
The manticore misses you.
You slice the efreet!!
You kill the efreet!
You slash the manticore! You burn the manticore.
The manticore is stunned by your conviction and fails to attack.
You slash the manticore! You burn the manticore.
You kill the manticore!
The cyclops throws a large rock.
The large rock misses you.
Found 3 stones.
You see here a +0 scimitar of flaming.
You hit the cyclops but do no damage. You bite the cyclops, but do no damage.
The cyclops hits you!!
* * * LOW HITPOINT WARNING * * *
Throw: dart (curare)
Press: ? - help, Shift-Dir - straight line, f - cyclops
Aim: a cyclops, quivering large rocks (87% to hit)
You throw a curare-tipped dart.
The curare-tipped dart hits the cyclops.
The cyclops is poisoned.
The cyclops convulses.
The cyclops seems to slow down.
The cyclops is lightly wounded.
The cyclops hits you!!
You die...

#..<..........####
#..............#.##
..................#
...........#...#.##
...........(...### .
............#....## (..
...........#......##....
....................:^..
................@C......
................†.......
.................
.......[.........
................
................
........#.##....
...##..#... ....


You could see a cyclops (very poisoned, slow).

Vanquished Creatures
  Jorgrun (D:12)
  An orc warlord (Bailey)
  A fire dragon (D:9)
  A hydra (Lair:2)
  The ghost of Shayle the Fighter, a novice OgHs of Ashenzari (D:9)
  A boulder beetle (D:13)
  4 two-headed ogres
  A deep elf pyromancer (D:12)
  A manticore (D:13)
  A cyclops (D:13)
  2 ugly things
  A merfolk siren (Lair:2)
  2 black mambas
  A gargoyle (D:12)
  6 komodo dragons
  A komodo dragon (shapeshifter) (D:6)
  2 rime drakes
  An unseen horror (D:12)
  Psyche (D:12)
  3 cane toads
  Jeremiah (D:8)
  An efreet (D:13)
  A kobold demonologist (D:10)
  4 trolls
  A hornet (D:8)
  2 merfolk (Lair:2)
  A polar bear (Lair:1)
  The ghost of gelatine the Insei, an amateur DsSh (D:4)
  7 slime creatures (D:12)
  5 wyverns
  Sigmund (D:2)
  A vampire (D:12)
  5 shadows
  2 wraiths
  A spriggan (Lair:1)
  Eustachio (D:4)
  21 yaks
  2 basilisks
  A steam dragon (D:7)
  A vampire mosquito (D:12)
  3 wargs (D:11)
  2 nagas (Lair:2)
  An acid dragon (D:12)
  9 water moccasins
  8 orc warriors
  5 ice beasts
  5 black bears
  5 centaurs
  2 phantoms
  3 kobold brigands
  4 bullfrogs
  3 scorpions
  3 small abominations (D:4)
  11 wights
  A hornet simulacrum (D:9)
  14 killer bees
  6 howler monkeys
  6 electric eels
  2 jellies (D:6)
  Crazy Yiuf (D:4)
  19 orc priests
  3 hounds
  An iron imp (D:4)
  A sleepcap (D:8)
  Natasha (thrice) (D:4)
  3 iguanas
  16 orc wizards
  A centaur simulacrum (D:9)
  6 ogre zombies (D:10)
  12 gnolls
  7 adders
  3 shadow imps
  A howler monkey simulacrum (D:9)
  A white imp (D:6)
  2 ufetubi (D:6)
  A worm (D:3)
  A dart slug (D:3)
  68 orcs
  4 endoplasms
  2 giant cockroaches (D:2)
  2 gnoll zombies (D:10)
  15 goblins
  16 hobgoblins
  4 jackals (D:5)
  4 quokkas
  8 ball pythons
  4 bats
  4 frilled lizards
  5 gnoll skeletons (D:10)
  32 kobolds
  12 orc zombies (D:10)
  2 rats
450 creatures vanquished.

Vanquished Creatures (collateral kills)
  A black mamba (Lair:2)
  A cane toad (Lair:2)
  A hornet (D:9)
  A water moccasin (Lair:2)
  A wight (D:6)
  An orc priest (D:6)
  A jelly (D:5)
  3 orcs
10 creatures vanquished.

Vanquished Creatures (others)
  A cane toad (Lair:1)
  A naga (Lair:2)
  2 orc warriors
  An orc priest (D:8)
  An orc wizard (D:9)
  A gnoll (Bailey)
  A white imp (D:9)
  4 orcs
  A jackal zombie (D:5)
  A kobold (D:8)
14 creatures vanquished.

Grand Total: 474 creatures vanquished

Notes
Turn   | Place    | Note
-------+----------+-------------------------------------------
     0 | D:1      | miscthings the Gnoll Artificer began the quest for the Orb.
     0 | D:1      | Reached XP level 1. HP: 17/17 MP: 1/1
   213 | D:1      | Reached XP level 2. HP: 19/23 MP: 2/2
   518 | D:1      | Reached XP level 3. HP: 22/28 MP: 3/3
   538 | D:1      | Found Ygihouh's Armour Shoppe.
   731 | D:2      | Reached skill level 1 in Invocations
   747 | D:2      | Reached skill level 1 in Short Blades
   747 | D:2      | Reached skill level 1 in Long Blades
   747 | D:2      | Reached skill level 1 in Axes
   747 | D:2      | Reached skill level 1 in Maces & Flails
   747 | D:2      | Reached skill level 1 in Polearms
   747 | D:2      | Reached skill level 1 in Staves
   747 | D:2      | Reached skill level 1 in Ranged Weapons
   747 | D:2      | Reached skill level 1 in Throwing
   747 | D:2      | Reached skill level 1 in Shields
   747 | D:2      | Reached skill level 1 in Unarmed Combat
   747 | D:2      | Reached skill level 1 in Spellcasting
   747 | D:2      | Reached XP level 4. HP: 15/34 MP: 5/5
   755 | D:2      | Reached skill level 1 in Shapeshifting
   912 | D:2      | Identified the +2 ring mail "Keyg" {rF+}
   955 | D:2      | You fall into a shaft and drop 1 floor!
  1020 | D:1      | Bought a +0 pair of boots for 45 gold pieces
  1143 | D:2      | Noticed Sigmund
  1147 | D:2      | Killed Sigmund
  1148 | D:2      | Reached skill level 1 in Conjurations
  1148 | D:2      | Reached skill level 1 in Hexes
  1148 | D:2      | Reached skill level 1 in Summonings
  1148 | D:2      | Reached skill level 1 in Necromancy
  1148 | D:2      | Reached skill level 1 in Translocations
  1148 | D:2      | Reached skill level 1 in Transmutations
  1148 | D:2      | Reached skill level 1 in Fire Magic
  1148 | D:2      | Reached skill level 1 in Ice Magic
  1148 | D:2      | Reached skill level 1 in Air Magic
  1148 | D:2      | Reached skill level 1 in Earth Magic
  1148 | D:2      | Reached skill level 1 in Poison Magic
  1148 | D:2      | Reached XP level 5. HP: 41/41 MP: 5/7
  1148 | D:2      | Reached XP level 6. HP: 47/47 MP: 5/8
  1566 | D:3      | Reached skill level 5 in Armour
  1610 | D:3      | Found an ornate altar of the Wu Jian Council.
  1684 | D:3      | Found a faded altar of an unknown god.
  2245 | D:4      | Found a transporter.
  2254 | D:4      | Noticed a small abomination
  2303 | D:4      | Noticed gelatine's ghost (amateur DsSh)
  2325 | D:4      | Found a transporter.
  2346 | D:4      | Found a one-way gate to the infinite horrors of the Abyss.
  2414 | D:4      | Noticed Eustachio
  2421 | D:4      | Killed Eustachio
  2422 | D:4      | Reached skill level 7 in Evocations
  2422 | D:4      | Reached XP level 7. HP: 28/52 MP: 10/10
  2498 | D:4      | Found a runed translucent door.
  2499 | D:4      | Noticed Crazy Yiuf
  2673 | D:4      | Killed Crazy Yiuf
  2804 | D:4      | Found a staircase to the Ecumenical Temple.
  2813 | Temple   | Entered the Ecumenical Temple
  2825 | Temple   | Became a worshipper of Ru the Awakened
  2929 | D:4      | Noticed Natasha
  2936 | D:4      | Killed Natasha
  2980 | D:4      | Noticed Natasha
  3069 | D:4      | Killed Natasha
  3222 | D:4      | Noticed Natasha
  3229 | D:4      | Killed Natasha
  3230 | D:4      | Reached XP level 8. HP: 59/60 MP: 12/12
  3246 | D:5      | Entered Level 5 of the Dungeon
  3331 | D:5      | Found a blossoming altar of Fedhas.
  3331 | D:5      | Found a glowing golden altar of the Shining One.
  3924 | D:5      | Gained mutation: You occasionally shout uncontrollably at
                  | your foes. [Ru sacrifice]
  4102 | D:6      | Reached XP level 9. HP: 54/66 MP: 14/14
  4110 | D:6      | Found a radiant altar of Vehumet.
  4113 | D:6      | Found a shadowy altar of Dithmenos.
  4116 | D:6      | Found an iron altar of Okawaru.
  4119 | D:6      | Found a snail-covered altar of Cheibriados.
  4426 | D:6      | Reached skill level 5 in Fighting
  4426 | D:6      | Reached skill level 5 in Dodging
  4504 | D:6      | Reached skill level 5 in Stealth
  4553 | D:6      | a shapeshifter changed into a komodo dragon
  4553 | D:6      | Noticed a komodo dragon (shapeshifter)
  4559 | D:6      | Killed a komodo dragon
  4560 | D:6      | Reached skill level 8 in Evocations
  4764 | D:6      | Reached skill level 5 in Invocations
  5002 | D:5      | Found an opulent altar of Gozag.
  5002 | D:5      | Found a bloodstained altar of Trog.
  5328 | D:7      | Found Qygeyt's Distillery.
  5360 | D:7      | Bought a potion of heal wounds for 65 gold pieces
  5360 | D:7      | Bought a potion of attraction for 39 gold pieces
  5476 | D:7      | Reached XP level 10. HP: 72/75 MP: 17/17
  5557 | D:7      | Reached skill level 5 in Short Blades
  5557 | D:7      | Reached skill level 5 in Long Blades
  5557 | D:7      | Reached skill level 5 in Axes
  5557 | D:7      | Reached skill level 5 in Maces & Flails
  5557 | D:7      | Reached skill level 5 in Polearms
  5557 | D:7      | Reached skill level 5 in Staves
  5557 | D:7      | Reached skill level 5 in Ranged Weapons
  5557 | D:7      | Reached skill level 5 in Throwing
  5557 | D:7      | Reached skill level 5 in Shields
  5557 | D:7      | Reached skill level 5 in Unarmed Combat
  5557 | D:7      | Reached skill level 5 in Spellcasting
  5922 | D:7      | Gained mutation: You are somewhat inexperienced. (-1 XL)
                  | [Ru sacrifice]
  5922 | D:7      | Reached XP level 9. HP: 69/69 MP: 16/16
  5922 | D:7      | Reached * piety under Ru
  5922 | D:7      | Reached ** piety under Ru
  6152 | D:8      | Noticed Jeremiah
  6172 | D:8      | Killed Jeremiah
  6733 | D:8      | Reached skill level 5 in Shapeshifting
  7369 | D:9      | Found a flagged portal.
  7515 | Bailey   | Entered a bailey
  7520 | Bailey   | Noticed an orc warlord
  7725 | Bailey   | Found a runed translucent gate.
  7727 | Bailey   | Found a runed translucent gate.
  7729 | Bailey   | Gained mutation: You have hidden genetic defects. [potion
                  | of mutation]
  7729 | Bailey   | Gained mutation: You are robust. (+10% HP) [potion of
                  | mutation]
  7731 | Bailey   | Found a runed translucent gate.
  7820 | Bailey   | Gained mutation: You cannot be stealthy. [Ru sacrifice]
  7932 | Bailey   | Killed an orc warlord
  7933 | Bailey   | Reached skill level 5 in Conjurations
  7933 | Bailey   | Reached skill level 5 in Hexes
  7933 | Bailey   | Reached skill level 5 in Summonings
  7933 | Bailey   | Reached skill level 5 in Necromancy
  7933 | Bailey   | Reached skill level 5 in Translocations
  7933 | Bailey   | Reached skill level 5 in Transmutations
  7933 | Bailey   | Reached skill level 5 in Fire Magic
  7933 | Bailey   | Reached skill level 5 in Ice Magic
  7933 | Bailey   | Reached skill level 5 in Air Magic
  7933 | Bailey   | Reached skill level 5 in Earth Magic
  7933 | Bailey   | Reached skill level 5 in Poison Magic
  7933 | Bailey   | Reached skill level 9 in Evocations
  7933 | Bailey   | Reached XP level 10. HP: 11/84 MP: 17/19
  7975 | Bailey   | Acquired the +3 cloak of the Crypt {Dex+5}
  8046 | D:9      | Noticed a two-headed ogre
  8059 | D:9      | Killed a two-headed ogre
  8063 | D:9      | Gained mutation: Your spells are a little easier to cast,
                  | but a little less powerful. [hidden defects]
  8345 | D:9      | Noticed a two-headed ogre
  8356 | D:9      | Killed a two-headed ogre
  8559 | D:9      | Noticed Shayle's ghost (novice OgHs)
  8571 | D:9      | Found a runed translucent gate.
  8571 | D:9      | Found a runed translucent gate.
  8571 | D:9      | Found a runed translucent gate.
  8695 | D:9      | Noticed a fire dragon
  8720 | D:9      | Killed a fire dragon
  8722 | D:9      | Gained mutation: You are clumsy. (Dex -2) [hidden defects]
  8722 | D:9      | Lost mutation: You have hidden genetic defects. [hidden
                  | defects expressed]
  9112 | D:10     | Entered Level 10 of the Dungeon
  9359 | D:10     | Found a staircase to the Orcish Mines.
  9908 | D:10     | Noticed a two-headed ogre
  9920 | D:10     | Killed a two-headed ogre
 10221 | D:4      | Killed gelatine's ghost
 10512 | D:11     | Found a staircase to the Lair.
 10535 | D:11     | Reached XP level 11. HP: 65/92 MP: 21/21
 10538 | D:11     | Acquired the +3 pair of gloves of Anypri {Str+4}
 11210 | D:14     | Identified the "Kouble"
 11210 | Lair:1   | Entered Level 1 of the Lair of Beasts
 11481 | D:9      | Killed Shayle's ghost
 11514 | D:9      | Reached skill level 10 in Evocations
 12735 | Lair:2   | Noticed a five-headed hydra
 12748 | Lair:2   | Killed a one-headed hydra
 12764 | Lair:2   | Found a staircase to the Snake Pit.
 12791 | Lair:2   | Reached XP level 12. HP: 48/103 MP: 14/24
 13035 | Lair:2   | Found a staircase to the Shoals.
 13697 | D:12     | Noticed Jorgrun
 13934 | D:12     | Killed Jorgrun
 14096 | D:12     | Found Jidak's Assorted Antiques.
 14156 | D:12     | Identified the +0 leather armour of the Spider Nest {rPois}
 14159 | D:12     | Noticed Psyche
 14164 | D:12     | Killed Psyche
 14542 | D:7      | Bought 2 potions of mutation for 208 gold pieces
 14809 | D:13     | Slain by a cyclops

Illustrated notes

Levels and vault maps discovered:
D:1:      minmay_arrival_open_corners, layout_basic, serial_shops,
          nicolae_shop_trees
D:2:      layout_basic, uniq_sigmund
D:3:      layout_basic, nicolae_overflow_crystal_walls,
          hellmonk_ecumenical_altar_arch_garden
D:4:      layout_basic, minmay_temple_entry_mini_moons,
          gammafunk_ghost_abyssal_escape, uniq_eustachio, uniq_natasha,
          uniq_crazy_yiuf_cottage
D:5:      layout_basic, nicolae_overflow_hidden_temple,
          amcnicky_mini_pool_medium
D:6:      layout_basic, grunt_temple_overflow_cloverleaf, minivault_14,
          kennysheep_flooded_box
D:7:      layout_basic, serial_shops, nicolae_shop_crystal,
          nicolae_fountain_basement
D:8:      layout_loops_corners, minmay_orc_keep, uniq_jeremiah
D:9:      dragon1_lemuel, layout_basic, enter_bailey_4, gammafunk_ghost_icy,
          chequers_big_river
D:10:     layout_roguey, zombieorc1_lemuel
D:11:     layout_irregular_city, erik_lair_orcish_takeover, serial_park_tiny_2
D:12:     layout_loops_cross, serial_shops, nicolae_shop_hallway_stairs,
          minmay_circle_x, uniq_jorgrun, uniq_psyche
D:13:     layout_cross
Temple:   nicolae_temple_bog_church
Lair:1:   layout_regular_city, chequers_serial_rivers_large_b, wad_woods_03
Lair:2:   layout_chaotic_city, elwin_shoals_entry_rooms,
          minmay_snake_entry_guardpost_small
Lair:3:   nzn_winding_woodlands_large [nzn_winding_woodlands_5x5_closed_star,
          nzn_winding_woodlands_5x15_parted, nzn_winding_woodlands_5x5_three,
          nzn_winding_woodlands_center_garden,
          nzn_winding_woodlands_15x15_eel_pit,
          nzn_winding_woodlands_center_lodge, nzn_winding_woodlands_5x5_default,
          nzn_winding_woodlands_5x15_longhouse,
          nzn_winding_woodlands_5x5_open_star], layout_regular_city,
          infiniplex_staircase_pool_2

Skill      XL: |  1  2  3  4  5  6  7  8  9 10 11 12 |
---------------+-------------------------------------+-----
Invocations    | 1 2 3 4 6 7 8 9 |  9.4
Short Blades   | 1 2 3 6 5 8 |  8.6
Long Blades    | 1 2 3 6 5 8 |  8.6
Axes           | 1 2 3 6 5 8 |  8.6
Maces & Flails | 1 2 3 6 5 8 |  8.6
Polearms       | 1 2 3 6 5 8 |  8.6
Staves         | 1 2 3 6 5 8 |  8.6
Ranged Weapons | 1 2 3 6 5 8 |  8.6
Throwing       | 1 2 3 6 5 8 |  8.6
Shields        | 1 2 3 6 5 8 |  8.6
Unarmed Combat | 1 2 3 6 5 8 |  8.6
Spellcasting   | 1 2 3 6 5 8 |  8.6
Shapeshifting  | 1 2 3 5 6 7 |  7.8
Fighting       | 3 4 6 7 8 9 |  9.0
Dodging        | 3 4 6 7 8 9 |  9.0
Stealth        | 3 4 0 |  0.0
Conjurations   | 1 2 3 5 6 7 |  7.2
Hexes          | 1 2 3 5 6 7 |  7.2
Summonings     | 1 2 3 5 6 7 |  7.2
Necromancy     | 1 2 3 5 6 7 |  7.2
Translocations | 1 2 3 5 6 7 |  7.2
Transmutations | 1 2 3 5 6 7 |  7.2
Fire Magic     | 1 2 3 5 6 7 |  7.2
Ice Magic      | 1 2 3 5 6 7 |  7.2
Air Magic      | 1 2 3 5 6 7 |  7.2
Earth Magic    | 1 2 3 5 6 7 |  7.2
Poison Magic   | 1 2 3 5 6 7 |  7.2
Armour         | 5 6 7 8 9 |  9.8
Evocations     | 7 9 10 | 10.8

Action                     |  1- 3 |  4- 6 |  7- 9 | 10-12 || total
---------------------------+-------+-------+-------+-------++-------
  Melee: Club              |     8 |       |       |       ||     8
         Dagger            |    94 |    47 |   397 |   125 ||   663
         Bite              |     5 |     6 |    96 |    94 ||   201
         Sling             |       |     3 |       |       ||     3
         Quarterstaff      |       |       |   242 |       ||   242
         Rapier            |       |       |    25 |       ||    25
         Punch             |       |       |     2 |       ||     2
         Mace              |       |       |    82 |       ||    82
         Flail             |       |       |    13 |       ||    13
         Broad axe         |       |       |       |   535 ||   535
   Fire: Sling             |       |   136 |       |       ||   136
  Throw: Boomerang         |    38 |       |    40 |    22 ||   100
         Dart              |       |       |       |     1 ||     1
 Invoke: Sacrifice Purity  |       |       |     1 |       ||     1
         Sacrifice Stealth |       |       |     1 |       ||     1
         Sacrifice Experie |       |       |     1 |       ||     1
         Reject Sacrifices |       |       |       |     2 ||     2
Ability: Begin Untransform |       |     1 |       |       ||     1
  Evoke: Wand              |     2 |     7 |    19 |    20 ||    48
         Phial of floods   |       |       |       |     4 ||     4
    Use: Scroll            |       |     4 |     9 |    13 ||    26
         Potion            |       |       |     6 |     6 ||    12
   Stab: Sleeping          |       |     1 |     7 |       ||     8
         Invisible         |       |       |     3 |     4 ||     7
         Distracted        |       |       |     1 |       ||     1
         Confused          |       |       |     1 |       ||     1
 Armour: Leather armour    |    23 |       |       |       ||    23
         Chain mail        |    63 |    13 |   164 |   584 ||   824
         Ring mail         |       |   105 |   409 |    19 ||   533
  Dodge: Dodged            |    48 |    99 |   377 |   335 ||   859
  Block: Buckler           |       |       |    73 |   206 ||   279
   Form: Death             |       |     1 |       |       ||     1

Table legend: (Time is in decaauts)
 A = Elapsed time spent in this place.
 B = Non-inter-level travel time spent in this place.
 C = Inter-level travel time spent in this place.
 D = Time resting spent in this place.
 E = Time spent auto-exploring this place.
 F = Levels seen in this place.
 G = Mean time per level.
                   A        B        C        D        E       F      G
               +--------+--------+--------+--------+--------+-----+--------+
         Total |  15054 |  13492 |   1562 |    994 |   8113 |  18 |  836.3 |
       Dungeon |  12442 |  11018 |   1424 |    782 |   6687 |  13 |  957.1 |
        Temple |     22 |     13 |      9 |      0 |      0 |   1 |   22.0 |
          Lair |   2110 |   1982 |    128 |    152 |   1280 |   3 |  703.3 |
        Bailey |    478 |    478 |      0 |     60 |    145 |   1 |  478.0 |
               +--------+--------+--------+--------+--------+-----+--------+

Top non-repeatable levels by time:
     D:9: 1782 daAuts
     D:8: 1211 daAuts
     D:4: 1132 daAuts
     D:6: 1108 daAuts
     D:7: 1097 daAuts
    D:10: 1058 daAuts
  Lair:1: 1019 daAuts
  Lair:2: 968 daAuts
     D:5: 920 daAuts
    D:12: 883 daAuts
    D:11: 845 daAuts
     D:3: 792 daAuts
     D:1: 754 daAuts
     D:2: 733 daAuts
  Bailey: 478 daAuts
